 Dungeon Crawl Stone Soup version 0.20.0-4-g10b340a (webtiles) character file.

1367 MDvedh the Chiller (level 8, 0/52 HPs)
             Began as a Merfolk Ice Elementalist on May 27, 2017.
             Was a Follower of Ashenzari.
             Succumbed to an orc wizard's poison
             ... on level 6 of the Dungeon.
             The game lasted 00:17:21 (7449 turns).

MDvedh the Chiller (Merfolk Ice Elementalist)       Turns: 7449, Time: 00:17:22

Health: 0/52       AC:  6    Str:  9    XL:     8   Next: 65%
Magic:  2/14       EV: 14    Int: 14    God:    Ashenzari [*.....]
Gold:   202        SH:  0    Dex: 16    Spells: 6/15 levels left

rFire    . . .     SeeInvis +   q - +1 trident (protect) (curse)
rCold    . . .     Gourm    .   (no shield)
rNeg     . . .     Faith    .   j - +1 leather armour (curse)
rPois    .         Spirit   .   a - +0 helmet (curse)
rElec    .         Reflect  .   i - +0 cloak (curse)
rCorr    .         Harm     .   (no gloves)
MR       .....                  (no boots)
Stlth    ++........             (no amulet)
Regen    0.2/turn               o - ring of see invisible (curse)
MPRegen  0.2/turn               (no ring)

@: lethally poisoned (0 -> -8), berserk cooldown, very slightly contaminated,
slowed, very slow
A: change form in water, swift swim, stealthy swim
a: Curse Item, Scrying, Renounce Religion


You were on level 6 of the Dungeon.
You worshipped Ashenzari.
Ashenzari was aware of your devotion.
You were not hungry.

You visited 2 branches of the dungeon, and saw 8 of its levels.
You also visited: Sewer.

You collected 405 gold pieces.
You spent 203 gold pieces at shops.

Inventory:

Hand Weapons
 q - a cursed +1 trident of protection (weapon)
Armour
 a - a cursed +0 helmet (worn)
 i - a cursed +0 cloak (worn)
 j - a cursed +1 leather armour (worn)
Jewellery
 o - a cursed ring of see invisible (left hand)
Scrolls
 e - 8 scrolls of identify
 g - 3 scrolls of amnesia
 h - 2 scrolls of blinking
 k - 5 scrolls of teleportation
 t - 2 scrolls of fog
 u - 4 scrolls of remove curse
 w - 2 scrolls of enchant armour
 x - a scroll of recharging {unknown}
 y - a scroll of enchant weapon
Potions
 d - 2 potions of brilliance
 l - a potion of ambrosia
 p - a potion of haste
 s - 3 potions of agility
Books
 b - a book of Frost

   Spells                             Type                      Level
   a - Freeze                         Ice                          1
   b - Throw Frost                    Conjuration/Ice              2
   c - Ozocubu's Armour               Charms/Ice                   3
   d - Throw Icicle                   Conjuration/Ice              4
   e - Summon Ice Beast               Ice/Summoning                4
Comestibles
 c - 3 bread rations
 v - 8 fruits


   Skills:
 + Level 4.8 Polearms
 + Level 1.0 Armour
 + Level 4.6 Dodging
 - Level 2.1 Stealth
 + Level 4.0 Spellcasting
 - Level 0.7 Conjurations
 * Level 4.9 Summonings
 * Level 7.6 Ice Magic


You had 6 spell levels left.
You knew the following spells:

 Your Spells              Type           Power        Failure   Level  Hunger
a - Freeze                Ice            ###.         1%          1    None
b - Summon Ice Beast      Ice/Summ       ###.....     19%         4    ####...
c - Throw Icicle          Conj/Ice       ##......     43%         4    ####...


Dungeon Overview and Level Annotations

Branches:
Dungeon (7/15)             Temple (1/1) D:4

Altars:
Ashenzari
Cheibriados
Dithmenos
Elyvilon
Fedhas
Gozag
Hepliaklqana
Kikubaaqudgha
Makhleb
Nemelex Xobeh
Okawaru
Qazlal
Ru
Sif Muna
Trog
Uskayaw
Vehumet
Xom
Yredelemnul
Zin
The Shining One

Shops:
D:4 ?

Annotations:
D:5 Sigmund
D:7 Dowan, Duvessa


Message History

You kill the orc wizard!
Your Spellcasting skill increases to level 4!
* * * LOW HITPOINT WARNING * * *
You feel sick.
Things that are here:
a +1 dagger of venom; a +0 robe; an orc corpse You feel a strong urge to attack something.
* * * LOW HITPOINT WARNING * * *
You feel sick.
* * * LOW HITPOINT WARNING * * *
You feel sick.
You feel your anger subside.
* * * LOW HITPOINT WARNING * * *
You feel sick.
You are no longer berserk.
You are exhausted.
You feel yourself slow down.
* * * LOW HITPOINT WARNING * * *
You feel sick.
You die...

#...#####..........# #.###.#.
#.### #....._....####....... ##.#
#..................... ##..#
#........#....#....... #..##
###...........#.......## ##.##
###....####.............#.
#..#####...#######.............#.
......##.######>)........##....#.
.....[..........@.....#####....#.
......##..........##### ######.
########.........## #.
#.........# ## ###########


There were no monsters in sight!

Vanquished Creatures
  The ghost of hittemv20vhard the Skirmisher, an amateur BaEn of Dithmenos (D:4)
  2 centaurs
  4 bullfrogs
  A howler monkey (D:7)
  2 hounds
  An orc priest (D:4)
  An iguana (D:6)
  3 orc wizards
  3 worker ants
  Robin (D:3)
  18 adders
  A howler monkey skeleton (D:4)
  A river rat (D:6)
  An ooze (D:3)
  An adder skeleton (D:6)
  9 worms
  5 leopard geckos
  22 orcs
  6 ball pythons
  15 giant cockroaches
  13 goblins
  9 hobgoblins
  4 jackals (D:5)
  5 kobolds
  3 quokkas
  8 frilled lizards
  A quokka skeleton (D:6)
  9 rats
150 creatures vanquished.

Vanquished Creatures (collateral kills)
  An ice beast (D:6)
  2 ogres
  A worker ant (D:6)
  An orc (D:7)
5 creatures vanquished.

Vanquished Creatures (others)
  A quokka (D:4)
1 creature vanquished.

Grand Total: 156 creatures vanquished

Notes
Turn   | Place    | Note
-------+----------+-------------------------------------------
     0 | D:1      | MDvedh the Merfolk Ice Elementalist began the quest for the Orb.
     0 | D:1      | Reached XP level 1. HP: 13/13 MP: 3/3
   170 | D:1      | Reached XP level 2. HP: 19/19 MP: 3/5
   517 | D:1      | Reached skill level 4 in Ice Magic
  1131 | D:2      | Reached skill level 1 in Polearms
  1131 | D:2      | Reached XP level 3. HP: 22/24 MP: 1/6
  1556 | D:2      | Reached XP level 4. HP: 10/30 MP: 0/7
  2202 | D:2      | Learned a level 4 spell: Summon Ice Beast
  2443 | D:3      | Noticed Robin
  2489 | D:3      | Reached XP level 5. HP: 35/35 MP: 8/8
  2527 | D:3      | Killed Robin
  2543 | D:3      | Reached skill level 5 in Ice Magic
  2556 | D:3      | Reached skill level 1 in Summonings
  3654 | D:4      | Noticed a centaur
  3694 | D:4      | Killed a centaur
  3694 | D:4      | Reached XP level 6. HP: 29/41 MP: 3/9
  3708 | D:4      | Found a staircase to the Ecumenical Temple.
  3718 | Temple   | Entered the Ecumenical Temple
  3838 | Temple   | Became a worshipper of Ashenzari the Shackled
  4156 | D:4      | Found Duboplea's Magic Scroll Boutique.
  4159 | D:4      | Bought a scroll of noise for 11 gold pieces
  4159 | D:4      | Bought a scroll of fog for 22 gold pieces
  4159 | D:4      | Bought a scroll of remove curse for 33 gold pieces
  4162 | D:4      | Bought a scroll of blinking for 82 gold pieces
  4162 | D:4      | Bought a scroll of teleportation for 33 gold pieces
  4162 | D:4      | Bought a scroll of identify for 22 gold pieces
  4463 | D:4      | Found a white marble altar of Elyvilon.
  4466 | D:4      | Noticed hittemv20vhard's ghost (amateur BaEn)
  4488 | D:4      | Killed hittemv20vhard's ghost
  4488 | D:4      | Reached skill level 6 in Ice Magic
  4488 | D:4      | Reached XP level 7. HP: 31/46 MP: 2/11
  4861 | D:3      | Learned a level 4 spell: Throw Icicle
  5141 | D:5      | Entered Level 5 of the Dungeon
  5141 | D:5      | Found a blossoming altar of Fedhas.
  5199 | D:5      | Noticed Sigmund
  5599 | D:5      | Reached * piety under Ashenzari
  5875 | D:5      | HP: 1/46 [ice beast (10)]
  6245 | D:5      | Identified the +1 war axe of Zuvoem {vamp, +Fly rElec rC- rN+}
  6407 | D:6      | Found a glowing drain.
  6452 | Sewer    | Entered a sewer
  6471 | Sewer    | Reached skill level 7 in Ice Magic
  6541 | Sewer    | Reached XP level 8. HP: 47/52 MP: 13/13
  6885 | D:6      | Found a glowing golden altar of the Shining One.
  7266 | D:7      | Noticed Dowan
  7268 | D:7      | Noticed Duvessa
  7274 | D:7      | Reached skill level 1 in Armour
  7445 | D:6      | HP: 3/78 [poisoned by an orc wizard]
  7448 | D:6      | HP: 1/52 [poisoned by an orc wizard]
  7449 | D:6      | Succumbed to an orc wizard's poison

Skill      XL: |  1  2  3  4  5  6  7  8 |
---------------+-------------------------+-----
Dodging        | 3 4 |  4.6
Ice Magic      | 4 5 6 7 |  7.6
Polearms       | 1 2 3 4 |  4.8
Summonings     | 2 3 4 |  4.9
Spellcasting   | 3 4 |  4.0
Armour         | 1 |  1.0
Stealth        | |  2.1
Conjurations   | |  0.7

Action                   |  1- 3 |  4- 6 |  7- 9 || total
-------------------------+-------+-------+-------++-------
Melee: Unarmed           |     4 |       |       ||     4
       Short sword       |    17 |       |       ||    17
       Spear             |    28 |   152 |       ||   180
       Trident           |       |   104 |   220 ||   324
       Tailslap          |       |       |     2 ||     2
 Cast: Freeze            |    30 |    52 |    51 ||   133
       Summon Ice Beast  |       |       |     6 ||     6
Invok: Curse Item        |       |       |     4 ||     4
  Use: Scroll            |       |    13 |     2 ||    15
       Potion            |       |       |     5 ||     5
 Stab: Sleeping          |     4 |    10 |     5 ||    19
       Distracted        |     1 |     2 |     2 ||     5
  Eat: Chunk             |     2 |     7 |     5 ||    14
       Royal jelly       |       |     1 |     1 ||     2
       Bread ration      |       |       |     1 ||     1
       Meat ration       |       |       |     1 ||     1
Armor: Robe              |    11 |    21 |       ||    32
       Leather armour    |       |    22 |   101 ||   123
       Skin              |       |       |     1 ||     1
Dodge: Dodged            |    26 |   129 |   209 ||   364
